 Dungeon Crawl Stone Soup version 0.24.0-29-g8ce449bc06 (webtiles) character file.

Game seed: 5582603561145165969, levelgen mode: deterministic

129146 Flugslaktarn the Severer (level 16, -15/147 HPs)
             Began as a Minotaur Fighter on Nov 14, 2019.
             Was a Follower of Uskayaw.
             Killed from afar by a frost giant (29 damage)
             ... with a bolt of cold
             ... on level 1 of the Orcish Mines.
             The game lasted 00:15:19 (27835 turns).

Flugslaktarn the Severer (Minotaur Fighter)        Turns: 27835, Time: 00:15:20

Health: -15/147    AC: 18    Str: 29    XL:     16   Next: 20%
Magic:  23/23      EV:  8    Int:  5    God:    Uskayaw [*.....]
Gold:   1945       SH: 19    Dex: 15    Spells: 15/15 levels left

rFire    . . .     SeeInvis +   m - +10 broad axe of Chagrin {freeze, rElec Dex+4 Stlth-}
rCold    . . .     Gourm    .   c - +0 shield
rNeg     . . .     Faith    .   H - +0 plate armour
rPois    +         Spirit   .   B - +0 hat
rElec    +         Reflect  +   J - +0 cloak
rCorr    .         Harm     .   (no gloves)
MR       +....     Clarity  +   (no boots)
Stlth    ..........             F - +4 amulet of reflection
HPRegen  0.00/turn              i - ring of see invisible
MPRegen  0.18/turn              o - ring of poison resistance

@: about to teleport, flying, very slightly contaminated
A: retaliatory headbutt, horns 2, talons 1, clarity, inhibited regeneration,
strong 1
}: 1/15 runes: gossamer
a: Stomp, Renounce Religion


You were on level 1 of the Orcish Mines.
You worshipped Uskayaw.
Uskayaw was aware of your devotion.
You were not hungry.

You visited 5 branches of the dungeon, and saw 23 of its levels.

You collected 2081 gold pieces.
You spent 136 gold pieces at shops.

Inventory:

Hand Weapons
 m - the +10 broad axe of Chagrin (weapon) {freeze, rElec Dex+4 Stlth-}
   (You acquired it on level 6 of the Lair of Beasts)

   It has been specially enchanted to freeze those struck by it, causing extra
   injury to most foes and up to half again as much damage against particularly
   susceptible opponents.
   It can also slow down cold-blooded creatures.
   It affects your dexterity (+4).
   It insulates you from electricity.
   It makes you less stealthy.
Missiles
 I - a throwing net (quivered)
Armour
 c - a +0 shield (worn)
 B - a +0 hat (worn)
   (You took it off Gastronok on level 3 of the Lair of Beasts)
 H - a +0 plate armour (worn)
   (You found it on level 6 of the Dungeon)
 J - a +0 cloak (worn)
   (You found it on level 6 of the Dungeon)
Jewellery
 a - an uncursed amulet of regeneration {unknown}
   (You found it on level 4 of the Spider Nest)
 f - an uncursed ring of protection from fire
   (You found it on level 1 of the Dungeon)
 i - a ring of see invisible (left hand)
   (You found it on level 1 of the Dungeon)
 n - an uncursed amulet of rage
   (You found it on level 1 of the Spider Nest)
 o - a ring of poison resistance (right hand)
   (You found it on level 6 of the Lair of Beasts)
 F - a +4 amulet of reflection (around neck)
   (You found it on level 4 of the Dungeon)
 P - an uncursed ring of fire
   (You found it on level 5 of the Lair of Beasts)
Wands
 s - a wand of acid (5)
   (You found it on level 2 of the Dungeon)
 v - a wand of digging (10)
   (You found it on level 6 of the Dungeon)
 y - a wand of clouds (6)
   (You found it on level 5 of the Dungeon)
Scrolls
 b - a scroll of brand weapon
 l - a scroll of fog
 p - 5 scrolls of enchant weapon
 r - 6 scrolls of identify
 t - 5 scrolls of teleportation
 u - 6 scrolls of immolation
 x - 2 scrolls of magic mapping
 z - 2 scrolls of blinking
 D - a scroll of summoning
 G - 2 scrolls of fear
 K - a scroll of silence
 L - a scroll of enchant armour
 N - 4 scrolls of vulnerability
 O - 9 scrolls of remove curse
Potions
 d - 3 potions of might
 g - 3 potions of magic
 h - 4 potions of haste
 j - 2 potions of agility
 k - a potion of berserk rage
 q - 9 potions of curing
 w - 5 potions of ambrosia
 A - 3 potions of invisibility
 C - 3 potions of flight
 E - 4 potions of lignification
 M - 4 potions of brilliance
Comestibles
 e - 36 rations
 Q - 15 chunks of flesh


   Skills:
 + Level 14.8 Fighting
 - Level 18.0 Axes
 + Level 14.9 Armour
 + Level 14.9 Shields
 + Level 11.5 Invocations
 - Level 5.0 Evocations


You had 15 spell levels left.
You didn't know any spells.
Your spell library was empty.

Dungeon Overview and Level Annotations

Branches:
Dungeon (11/15)            Temple (1/1) D:7            Lair (6/6) D:11
 Shoals (0/4) Lair:2       Spider (4/4) Lair:3        Slime (0/5) Lair:6
    Orc (1/2) D:11

Altars:
Ashenzari
Cheibriados
Dithmenos
Elyvilon
Fedhas
Gozag
Hepliaklqana
Kikubaaqudgha
Makhleb
Nemelex Xobeh
Okawaru
Qazlal
Ru
Sif Muna
Trog
Uskayaw
Vehumet
Wu Jian
Xom
Yredelemnul
Zin
The Shining One
Jiyva

Shops:
D:7 }   D:8 %((   Orc:1 (

Annotations:
D:6 2 runed translucent doors
Lair:2 exclusion: oklob plant
Lair:5 3 runed translucent doors, Thantalas's ghost, journeyman TrFi
Orc:1 2 transporters, Flugslaktarn's ghost, journeyman DDFi


Innate Abilities, Weirdness & Mutations

You reflexively headbutt those who attack you in melee.
You have a pair of horns on your head.
You have sharp toenails.
You possess an exceptional clarity of mind.
You do not regenerate when monsters are visible.
Your muscles are strong. (Str +2)


Message History

Aiming: Cloud Cone
Press: ? - help, Dir - move target cursor You create a blast of noxious fumes!
Unknown command.
Unknown command.
Okay, then.
Unknown command.
The frost giant is engulfed in noxious fumes.
There is an open door here.
The frost giant is engulfed in noxious fumes.
Things that are here:
2 large rocks; a cyclops skeleton
There is an open gate here.
You feel very buoyant.
You fly up into the air.
As you read the scroll of teleportation, it crumbles to dust.
You feel strangely unstable. The frost giant casts a spell at you.
The bolt of cold hits you!!
You die...

)## +.....(.'...)CC.. )# ###
#....(..######### ##
#######.####...(...#########
######...≈≈≈≈≈≈≈#.(((C..#≈≈≈≈≈≈≈#
..........≈≈≈≈≈≈#..(....#≈≈≈≈≈≈≈P
.........)(≈≈≈≈≈###'''###≈≈≈≈≈...
............≈≈(≈.≈○≈≈≈≈≈.≈≈≈≈....
.................○≈≈≈≈≈≈≈........
................@.......#########
.[....................###
....P..............#### #####
.....................########....
..####...#................#.....#
...#.##........##......#.#.....##
...........#.........∩.#..#.....#
#...........#..............#.#.##
###..#.#...##.........##..######


You could see a frost giant.

Vanquished Creatures
  Gastronok (Lair:3)
  Frances (Spider:1)
  4 ghost moths
  3 emperor scorpions (Spider:4)
  An entropy weaver (Spider:2)
  A spark wasp (Spider:4)
  Josephine (Orc:1)
  An ettin (Orc:1)
  2 fire dragons (Lair:6)
  Fannar (Lair:1)
  A hydra (Lair:4)
  A two-headed ogre (D:9)
  4 death yaks (Lair:4)
  Sonja (Lair:5)
  A swamp dragon (Lair:6)
  A lindwurm (Lair:6)
  Pikel (D:8)
  An orc knight (Orc:1)
  28 wolf spiders
  A deep elf mage (D:7)
  10 orb spiders
  11 cyclopes (Orc:1)
  A centaur zombie (D:11)
  3 moths of wrath
  4 black mambas
  24 elephants
  Joseph (D:7)
  A merfolk siren (Lair:2)
  8 torpor snails
  2 gargoyles (D:11)
  11 spiny frogs
  11 komodo dragons
  2 rime drakes (Lair:6)
  5 trolls
  8 demonic crawlers
  2 polar bears
  24 jumping spiders
  4 tyrant leeches (Lair:6)
  13 hornets
  11 hippogriffs
  14 blink frogs
  14 dream sheep
  A spriggan (Lair:4)
  14 tarantellas
  6 wraiths
  37 redbacks
  2 wyverns
  66 yaks
  A hungry ghost (D:7)
  3 basilisks
  3 steam dragons (Lair:6)
  An acid dragon (Lair:6)
  3 wargs (Orc:1)
  Duvessa (D:4)
  10 porcupines
  14 water moccasins
  A swamp drake (Lair:6)
  10 orc warriors
  2 slaves (D:8)
  3 ice beasts
  3 sky beasts
  2 black bears
  9 wolves
  14 ogres
  A phantom (D:9)
  3 centaurs
  33 crocodiles
  2 big kobolds (D:9)
  Blork the orc (D:4)
  20 bullfrogs
  A wyvern skeleton (D:7)
  5 scorpions
  Dowan (D:4)
  5 killer bees (D:8)
  8 wights
  6 electric eels
  2 quasits
  6 crimson imps
  4 bullfrog zombies
  3 jellies (D:9)
  5 hounds
  15 orc wizards
  11 orc priests
  2 bullfrog skeletons
  2 centaur skeletons
  A gnoll shaman (D:8)
  10 iguanas
  3 hell rats (Lair:6)
  10 worker ants
  A hound zombie (D:6)
  2 hound skeletons
  3 worker ant zombies
  A howler monkey zombie (D:7)
  17 adders
  7 gnolls (D:8)
  A howler monkey skeleton (D:4)
  4 river rats (Lair:6)
  2 shadow imps
  7 oozes
  3 adder skeletons
  4 worms
  2 dart slugs
  16 leopard geckos
  61 orcs
  A ball python (D:6)
  7 giant cockroaches
  10 goblins
  3 hobgoblins
  4 jackals (D:7)
  19 kobolds
  3 quokkas
  A ball python skeleton (D:6)
  4 bats
  9 frilled lizards
  3 leopard gecko skeletons
  A leopard gecko zombie (D:5)
  A quokka zombie (D:8)
  14 rats
  8 fungi
  8 plants
833 creatures vanquished.

Vanquished Creatures (others)
  An orb spider (Spider:4)
  A cyclops (Orc:1)
  A giant cockroach (D:8)
  14 fungi
  7 plants
24 creatures vanquished.

Grand Total: 857 creatures vanquished

Notes
Turn   | Place    | Note
-------+----------+-------------------------------------------
     0 | D:1      | Flugslaktarn the Minotaur Fighter began the quest for the
                  | Orb.
     0 | D:1      | Reached XP level 1. HP: 19/19 MP: 0/0
   198 | D:1      | Reached XP level 2. HP: 27/27 MP: 1/1
   341 | D:1      | Reached skill level 3 in Axes
   965 | D:2      | Reached XP level 3. HP: 24/33 MP: 2/2
  1166 | D:2      | Reached XP level 4. HP: 39/40 MP: 3/3
  1236 | D:2      | Found a sacrificial altar of Ru.
  1611 | D:2      | Reached skill level 4 in Axes
  1728 | D:3      | Found a white marble altar of Elyvilon.
  2027 | D:3      | Found a blossoming altar of Fedhas.
  2036 | D:3      | Reached XP level 5. HP: 45/47 MP: 4/4
  2540 | D:4      | Noticed an ogre
  2549 | D:4      | Killed an ogre
  2549 | D:4      | Reached skill level 5 in Axes
  2549 | D:4      | Reached XP level 6. HP: 46/55 MP: 5/5
  2707 | D:4      | Reached skill level 5 in Fighting
  2707 | D:4      | Reached skill level 5 in Armour
  2707 | D:4      | Reached skill level 5 in Shields
  3580 | D:4      | Reached skill level 6 in Axes
  3744 | D:4      | Reached XP level 7. HP: 61/61 MP: 6/6
  4026 | D:4      | Noticed Duvessa
  4026 | D:4      | Noticed Dowan
  4040 | D:4      | Killed Dowan
  4047 | D:4      | Killed Duvessa
  4371 | D:4      | Noticed Blork the orc
  4375 | D:4      | Killed Blork the orc
  4484 | D:5      | Entered Level 5 of the Dungeon
  4626 | D:5      | Reached skill level 7 in Axes
  4626 | D:5      | Reached skill level 1 in Evocations
  4795 | D:5      | Reached XP level 8. HP: 31/70 MP: 7/7
  5365 | D:5      | Found a bloodstained altar of Trog.
  5963 | D:6      | Reached skill level 8 in Axes
  6497 | D:6      | Reached XP level 9. HP: 23/78 MP: 10/10
  6942 | D:6      | Found a runed translucent door.
  6943 | D:6      | Found a runed translucent door.
  7004 | D:7      | Reached skill level 9 in Axes
  7047 | D:7      | Noticed Joseph
  7053 | D:7      | Found a staircase to the Ecumenical Temple.
  7065 | D:7      | Killed Joseph
  7074 | Temple   | Entered the Ecumenical Temple
  7365 | Temple   | Became a worshipper of Uskayaw the Reveler
  7392 | D:7      | Reached * piety under Uskayaw
  7394 | D:7      | Reached ** piety under Uskayaw
  7398 | D:7      | Reached *** piety under Uskayaw
  7400 | D:7      | Reached **** piety under Uskayaw
  7542 | D:7      | You fall into a shaft and drop 1 floor!
  7551 | D:8      | Reached skill level 1 in Invocations
  7595 | D:8      | Found a sparkling altar of Nemelex Xobeh.
  7607 | D:8      | Found Fyrucod's Weapon Boutique.
  7645 | D:8      | Reached skill level 10 in Axes
  7712 | D:8      | Reached ***** piety under Uskayaw
  7861 | D:8      | Noticed Pikel
  7879 | D:8      | Killed Pikel
  7879 | D:8      | Reached XP level 10. HP: 68/88 MP: 12/12
  7970 | D:8      | Found Giwexoz's Antique Weapon Shoppe.
  8006 | D:8      | Found Emmujac's Food Shop.
  8014 | D:8      | Bought a glowing war axe for 136 gold pieces
  8360 | D:9      | Noticed a two-headed ogre
  8366 | D:9      | Killed a two-headed ogre
  8717 | D:7      | Found Ogudwiyh's Gadget Emporium.
  8897 | D:7      | Reached skill level 11 in Axes
  9029 | D:7      | Noticed a deep elf mage
  9034 | D:7      | Killed a deep elf mage
  9240 | D:7      | Found a burning altar of Makhleb.
  9240 | D:7      | Found a shimmering altar of Xom.
  9807 | D:9      | Reached skill level 5 in Evocations
 10176 | D:9      | Reached XP level 11. HP: 97/97 MP: 13/13
 10298 | D:10     | Entered Level 10 of the Dungeon
 11125 | D:11     | Reached ****** piety under Uskayaw
 11130 | D:11     | Reached skill level 12 in Axes
 11324 | D:11     | Found a staircase to the Lair.
 11702 | D:11     | Found a staircase to the Orcish Mines.
 11895 | D:11     | Reached skill level 5 in Invocations
 12099 | Lair:1   | Entered Level 1 of the Lair of Beasts
 12297 | Lair:1   | Reached skill level 10 in Shields
 12385 | Lair:1   | Reached skill level 10 in Armour
 12414 | Lair:1   | Reached skill level 10 in Fighting
 12422 | Lair:1   | Reached skill level 13 in Axes
 12679 | Lair:1   | Noticed Fannar
 12689 | Lair:1   | Killed Fannar
 13081 | Lair:1   | Reached XP level 12. HP: 99/106 MP: 15/15
 14101 | Lair:2   | Reached skill level 14 in Axes
 14352 | Lair:2   | Found a staircase to the Shoals.
 15184 | Lair:3   | Noticed Gastronok
 15196 | Lair:3   | Killed Gastronok
 15527 | Lair:3   | Found a hole to the Spider Nest.
 15763 | Lair:3   | Reached XP level 13. HP: 116/116 MP: 17/17
 16138 | Lair:4   | Reached skill level 15 in Axes
 17666 | Lair:5   | Reached skill level 16 in Axes
 17858 | Lair:5   | Noticed Sonja
 17862 | Lair:5   | Killed Sonja
 18073 | Lair:5   | Found a runed translucent gate.
 18074 | Lair:5   | Found a runed translucent gate.
 18075 | Lair:5   | Found a runed translucent gate.
 18075 | Lair:5   | Noticed Thantalas's ghost (journeyman TrFi)
 18088 | Lair:5   | Noticed a death ooze
 18090 | Lair:5   | Found a viscous altar of Jiyva.
 18518 | Lair:6   | Entered Level 6 of the Lair of Beasts
 18656 | Lair:6   | Reached XP level 14. HP: 112/126 MP: 19/19
 18758 | Lair:6   | Found a staircase to the Slime Pits.
 18758 | Lair:6   | Found a viscous altar of Jiyva.
 20681 | Lair:6   | Found a runed translucent door.
 20969 | Lair:6   | Reached skill level 17 in Axes
 21544 | Lair:6   | Identified a scroll of acquirement
 21548 | Lair:6   | Gained mutation: You evolve. [potion of mutation]
 21548 | Lair:6   | Gained mutation: Your spells are a little harder to cast,
                  | but a little more powerful. [potion of mutation]
 21548 | Lair:6   | Gained mutation: Your flesh is cold resistant. (rC+)
                  | [potion of mutation]
 21548 | Lair:6   | Gained mutation: You are partially covered in yellow
                  | scales. (AC +2) [potion of mutation]
 21549 | Lair:6   | Lost mutation: Your spells are a little harder to cast, but
                  | a little more powerful. [potion of mutation]
 21549 | Lair:6   | Lost mutation: You evolve. [potion of mutation]
 21549 | Lair:6   | Gained mutation: Your muscles are strong. (Str +2) [potion
                  | of mutation]
 21549 | Lair:6   | Gained mutation: You do not regenerate when monsters are
                  | visible. [potion of mutation]
 21549 | Lair:6   | Gained mutation: Your muscles are very strong. (Str +4)
                  | [potion of mutation]
 21550 | Lair:6   | Lost mutation: Your muscles are very strong. (Str +4)
                  | [potion of mutation]
 21550 | Lair:6   | Lost mutation: Your flesh is cold resistant. (rC+) [potion
                  | of mutation]
 21550 | Lair:6   | Lost mutation: Your muscles are strong. (Str +2) [potion of
                  | mutation]
 21550 | Lair:6   | Gained mutation: You have sharp fingernails. [potion of
                  | mutation]
 21550 | Lair:6   | Gained mutation: Your body sometimes deteriorates upon
                  | taking damage. [potion of mutation]
 21550 | Lair:6   | Gained mutation: You are robust. (+10% HP) [potion of
                  | mutation]
 21550 | Lair:6   | Gained mutation: You expend magic power (3 MP) to
                  | strengthen your wands. [potion of mutation]
 21551 | Lair:6   | Lost mutation: Your body sometimes deteriorates upon taking
                  | damage. [potion of mutation]
 21551 | Lair:6   | Lost mutation: You expend magic power (3 MP) to strengthen
                  | your wands. [potion of mutation]
 21551 | Lair:6   | Lost mutation: You have sharp fingernails. [potion of
                  | mutation]
 21551 | Lair:6   | Lost mutation: You are robust. (+10% HP) [potion of
                  | mutation]
 21551 | Lair:6   | Gained mutation: You occasionally shout uncontrollably at
                  | your foes. [potion of mutation]
 21551 | Lair:6   | Gained mutation: Your muscles are strong. (Str +2) [potion
                  | of mutation]
 21552 | Lair:6   | Lost mutation: You occasionally shout uncontrollably at
                  | your foes. [potion of mutation]
 21552 | Lair:6   | Lost mutation: You are partially covered in yellow scales.
                  | (AC +2) [potion of mutation]
 21552 | Lair:6   | Gained mutation: You possess an exceptional clarity of
                  | mind. [potion of mutation]
 21552 | Lair:6   | Gained mutation: You have sharp toenails. [potion of
                  | mutation]
 21554 | Lair:6   | Got a shimmering broad axe
 21555 | Lair:6   | Identified the +10 broad axe of Chagrin {freeze, rElec
                  | Dex+4 Stlth-} (You acquired it on level 6 of the Lair of
                  | Beasts)
 21655 | Spider:1 | Entered Level 1 of the Spider Nest
 21827 | Spider:1 | Noticed Frances
 21838 | Spider:1 | Killed Frances
 23252 | Spider:2 | Reached XP level 15. HP: 136/136 MP: 21/21
 23537 | Spider:3 | Noticed a ghost moth
 23546 | Spider:3 | Killed a ghost moth
 23546 | Spider:3 | Reached skill level 10 in Invocations
 23561 | Spider:4 | Entered Level 4 of the Spider Nest
 24143 | Spider:4 | Reached skill level 18 in Axes
 24729 | Spider:4 | Noticed a ghost moth
 24739 | Spider:4 | Killed a ghost moth
 24931 | Spider:4 | Noticed a ghost moth
 24949 | Spider:4 | Killed a ghost moth
 25434 | Spider:4 | Noticed a ghost moth
 25442 | Spider:4 | Killed a ghost moth
 26048 | Spider:4 | Got a gossamer rune of Zot
 26424 | Orc:1    | Entered Level 1 of the Orcish Mines
 26455 | Orc:1    | Reached XP level 16. HP: 90/147 MP: 23/23
 26463 | Orc:1    | Found Nuirijept's Antique Weapon Emporium.
 26969 | Orc:1    | Found a transporter.
 26970 | Orc:1    | Noticed Flugslaktarn's ghost (journeyman DDFi)
 27112 | Orc:1    | Noticed Josephine
 27125 | Orc:1    | Killed Josephine
 27257 | Orc:1    | Found a transporter.
 27835 | Orc:1    | Killed from afar by a frost giant

Levels and vault maps discovered:
D:1:      lemuel_arrival_lava_pool, layout_basic, minmay_tall_x
D:2:      layout_loops_ring, lemuel_crystal_altar
D:3:      layout_basic, elyvilon_altar_3, fedhas_altar_2
D:4:      layout_basic, first_ration, kennysheep_generic_room_10, uniq_duvessa,
          uniq_blork_the_orc
D:5:      layout_basic, kennysheep_mini, minmay_manual_moon
D:6:      lemuel_insect_pit, layout_basic, chequers_hall_statues_y,
          eino_curves_02
D:7:      layout_layer_cave, grunt_temple_overflow_champion_of_chaos,
          minmay_temple_entry_crystal_x, serial_shops, shop,
          guppyfry_early_elven_hall, uniq_joseph
D:8:      layout_rooms, nemelex_xobeh_ov_fountains_minmay, serial_shops, shop,
          shop, shop, minmay_misc_feat_rows, minmay_misc_feat_secret_circle,
          uniq_pikel
D:9:      layout_roguey, hangedman_little_slice_of_home
D:10:     layout_gridville
D:11:     layout_roguey, due_lair_maze_entry_diamond, lightli_orcish_oven
Temple:   eino_temple_rhombus
Lair:1:   layout_regular_city, hangedman_lair_generics_rect, uniq_fannar
Lair:2:   lemuel_reptile_caves, layout_regular_city,
          minmay_shoals_entry_lonely_mermaid, grunt_megastairs_2,
          minmay_lair_oklob_chamber, lemuel_fruit_tree
Lair:3:   layout_small_grid, dummy_spider_entry, uniq_gastronok
Lair:4:   layout_gridlike, grunt_forest_stairs_clearing, grunt_megastairs_1,
          lemuel_fruit_fields
Lair:5:   layout_gridlike, gammafunk_ghost_ooze, uniq_sonja
Lair:6:   wormcave, layout_cave_pods, guppyfry_lair_end_dragon, slime_altar_1,
          kennysheep_abandoned_house, infiniplex_staircase_pool,
          serial_bayou_shore_a
Spider:1: layout_spider_delve, nicolae_spider_webs_and_nodes, uniq_frances
Spider:2: layout_spider_delve, nicolae_spider_stair_cavern
Spider:3: layout_spider_delve
Spider:4: grunt_spider_rune_parallel
Orc:1:    giant_chief_lemuel, layout_caves, gammafunk_ghost_stat_death,
          serial_shops, shop, uniq_josephine

Skill      XL: |  1  2  3  4  5  6  7  8  9 10 11 12 13 14 15 |
---------------+----------------------------------------------+-----
Axes           | 3 4 5 6 7 8 10 11 13 14 16 17 18 | 18.0
Shields        | 4 5 6 7 8 9 10 11 12 13 14 | 14.9
Fighting       | 4 5 6 8 9 10 11 12 13 14 | 14.8
Armour         | 4 5 6 7 8 9 10 11 12 13 14 | 14.9
Evocations     | 1 2 4 5 |  5.0
Invocations    | 2 4 5 7 8 9 11 | 11.5

Action                   |  1- 3 |  4- 6 |  7- 9 | 10-12 | 13-15 | 16-18 || total
-------------------------+-------+-------+-------+-------+-------+-------++-------
Melee: War axe           |    75 |   133 |   325 |   685 |   481 |       ||  1699
       Headbutt          |    10 |    26 |    63 |   136 |   200 |    11 ||   446
       Hand axe          |       |       |       |       |     6 |       ||     6
       Broad axe         |       |       |       |       |   345 |    75 ||   420
       Kick              |       |       |       |       |   120 |    23 ||   143
Invok: Grand Finale      |       |       |       |       |     1 |       ||     1
Evoke: Wand              |       |       |     3 |       |     6 |     1 ||    10
  Use: Scroll            |       |       |       |    18 |    13 |     2 ||    33
       Potion            |       |       |       |       |     8 |     2 ||    10
 Stab: Paralysed         |       |       |    20 |    61 |   143 |    16 ||   240
       Confused          |       |       |       |       |     1 |       ||     1
  Eat: Chunk             |     1 |     8 |     7 |    24 |    23 |     3 ||    66
       Ration            |       |       |     2 |     1 |     4 |       ||     7
Armor: Scale mail        |    40 |    53 |    58 |       |       |       ||   151
       Plate armour      |       |       |    74 |   144 |   264 |    10 ||   492
       Swamp dragon scal |       |       |       |       |    18 |       ||    18
Dodge: Dodged            |    31 |    49 |    87 |    72 |   136 |     8 ||   383
Block: Shield            |    44 |    69 |   241 |   397 |   558 |    46 ||  1355
       Reflection        |       |       |     3 |    10 |     8 |    10 ||    31
